AoeStats
← 李天尊

MegaRandom

510714959Analyzed
4v4 RM · 17h ago on Oct 2, 2026· 26m 7s· 8 players
Game mode
Random Map
Map size
Large (8 player)
Population
200
Speed
Normal
Resources
Standard
Victory
Conquest
Starting age
Dark Age
Ending age
Imperial Age
RankedLock teamsTeams togetherTeam positionsShared explorationLock speedFull tech treeHidden civsTurbo modeCheats
Victory
Defeat
🇹🇼 Danes · Taiwan
1386
+18
🇪🇸 Khmer · Spain
1381
+18
🇨🇳 Huns · China
1340
+20
🇻🇳 Mongols · Vietnam
1336
+20
🇨🇳 Mongols · China
1445
-20
🇪🇸 Huns · Spain
1427
-19
🇨🇿 Britons · Czechia
1423
-19
🇨🇭 Saxons · Switzerland
1413
-18
Tiểu Long Nữ
10:26 Feudal Age
14:42 Castle Age
13:00 Double-Bit Axe
13:57 Horse Collar
16:14 Loom
18:49 Fletching
20:24 Husbandry
21:34 Ballistics
21:57 Bodkin Arrow
24:34 Scale Mail Armor
26:28 Heavy Plow
Aspirante
8:01 Loom
9:46 Feudal Age
12:58 Castle Age
李天尊
9:11 Loom
11:47 Feudal Age
13:07 Town Watch
18:08 Castle Age
16:49 Fletching
16:55 Double-Bit Axe
17:52 Padded Archer Armor
19:39 Wheelbarrow
22:37 Bow Saw
25:06 Horse Collar
25:54 Forging
26:25 Heavy Plow
后入显风格
10:34 Feudal Age
12:08 Double-Bit Axe
14:35 Castle Age
12:56 Horse Collar
14:18 Loom
15:09 Wheelbarrow
20:05 Bow Saw
21:59 Heavy Plow
22:31 Gold Mining
24:29 Gold Shaft Mining
28:14 Imperial Age
26:16 Stone Mining
lorddoc
10:48 Feudal Age
11:44 Loom
15:18 Castle Age
13:15 Double-Bit Axe
maniak
5:12 Loom
11:27 Feudal Age
12:03 Double-Bit Axe
14:20 Fishing Lines
17:47 Castle Age
17:06 Gold Mining
17:22 Fletching
17:33 Padded Archer Armor
19:07 Bow Saw
18:56 Bodkin Arrow
18:32 Crossbowman
21:38 Horse Collar
22:41 Ballistics
牛比无极限
6:24 Loom
8:36 Feudal Age
16:22 Castle Age
14:48 Double-Bit Axe
16:29 Horse Collar
22:37 Bloodlines
CARANZA
4:05 Loom
11:47 Feudal Age
12:16 Double-Bit Axe
16:55 Castle Age
14:56 Horse Collar
16:45 Gold Mining
17:57 Bow Saw
17:50 Heavy Plow
19:04 Wheelbarrow
20:24 Fervor
24:30 Bloodlines
24:21 Husbandry
25:18 Gold Shaft Mining
25:12 Scale Barding Armor
25:59 Forging
25:56 Marauders
26:53 Chain Barding Armor
Connection lost

Rejoining the realm…

Still unreachable

The connection could not be restored.

Session expired

The server has moved on; the page needs a fresh start.